 Dungeon Crawl Stone Soup version 0.30.0-3-ga4e48a9924 (webtiles) character file.

Game seed: 943644300881144935

6 browni3141 the Conjurer (level 1, -2/16 HPs)
             Began as a Ghoul Conjurer on May 7, 2023.
             Slain by a jackal (3 damage)
             ... on level 1 of the Dungeon.
             The game lasted 00:00:26 (234 turns).

browni3141 the Conjurer (Ghoul Conjurer)             Turns: 234, Time: 00:00:26

Health: -2/16      AC:  2    Str: 10    XL:     1   Next: 90%
Magic:  0/2        EV: 11    Int: 13    God:
Gold:   8          SH:  0    Dex:  7    Spells: 3/4 levels left

rFire   . . .        (no weapon)
rCold   + . .        (no shield)
rNeg    + + +        a - +0 robe
rPois   ∞            (no helmet)
rElec   .            (no cloak)
rCorr   .            (no gloves)
SInv    .            (no boots)
Will    .....        (no amulet)
Stlth   ++           (no ring)
HPRegen 0.00/turn    (no ring)
MPRegen 0.08/turn

%: no passive effects
@: inhibited regen
A: claws 1, cold resistance 1, negative energy resistance 3, inhibited
regeneration, torment resistance 2, devour on kill
a: no special abilities


You were on level 1 of the Dungeon.
You visited 1 branch of the dungeon, and saw 1 of its levels.

You collected 8 gold pieces.

Inventory:

Armour
 a - a +0 robe (worn)
Scrolls
 n - a scroll of fog {unknown}
Potions
 m - a potion of magic
 o - a potion of might {unknown}
 p - a potion of curing {unknown}


   Skills:
 - Level 1.0 Fighting
 - Level 1.7 Dodging
 - Level 2.1 Stealth
 * Level 2.0 Spellcasting
 - Level 3.2 Conjurations


You had 3 spell levels left.
You knew the following spells:

 Your Spells              Type           Power      Damage    Failure   Level
a - Magic Dart            Conj           36%        1d4       7%          1

Your spell library contained the following spells:

 Spells                   Type           Power      Damage    Failure   Level
 Searing Ray              Conj           18%        2d5       10%         2
 Dazzling Flash           Conj/Hex       10%        N/A       36%         3
 Fulminant Prism          Conj/Hex       2%         3d5       78%         4
 Iskenderun's Mystic Bla  Conj/Tloc      5%         2d3       78%         4


Dungeon Overview and Level Annotations

Branches:
Dungeon (1/15)

Altars:


Innate Abilities, Weirdness & Mutations

You are immune to poison.
You have sharp fingernails.
Your flesh is cold resistant. (rC+)
You are immune to negative energy. (rN+++)
You do not regenerate when monsters are visible.
You are immune to unholy pain and torment.
You thrive by killing the living.


Message History

2 ball pythons come into view.
The ball python hisses angrily.
There are monsters nearby!
You miscast Magic Dart.
You are very lightly contaminated with residual magic.
Nothing appears to happen.
A jackal comes into view.
The magic dart hits the ball python.
You kill the ball python!
The jackal barks!
You hear a bark!
Training target 1.0 for Fighting reached!
Your Fighting skill increases to level 1!
You need to enable at least one skill for training.
You are out of magic!
You barely miss the ball python. The ball python bites you.
The ball python grabs you. The ball python constricts you.
Your magical contamination has completely faded away.
You closely miss the ball python. The ball python barely misses you.
The ball python constricts you.
You closely miss the ball python. The ball python bites you.
The ball python constricts you.
You scratch the ball python.
You kill the ball python!
You feel better.
A jackal is nearby!
The magic dart hits the jackal but does no damage.
The magic dart hits the jackal.
The jackal is moderately wounded.
The jackal closely misses you.
You closely miss the jackal.
The jackal is moderately wounded.
The jackal bites you.
You scratch the jackal but do no damage.
The jackal is moderately wounded.
The jackal bites you. x2
You barely miss the jackal.
The jackal is moderately wounded.
The jackal barely misses you.
You completely miss the jackal.
The jackal is moderately wounded.
The jackal bites you.
You closely miss the jackal.
The jackal is moderately wounded.
The jackal bites you but does no damage.
The jackal barely misses you.
A jackal comes into view.
The jackal barks!
You scratch the jackal but do no damage.
The jackal is moderately wounded.
The jackal closely misses you.
You scratch the jackal.
You kill the jackal!
You feel better.
Training target 2.0 for Spellcasting reached!
Your Spellcasting skill increases to level 2!
You need to enable at least one skill for training.
You barely miss the jackal. The jackal closely misses you.
You barely miss the jackal. The jackal barely misses you.
You barely miss the jackal. The jackal barely misses you. The jackal bites you.
You barely miss the jackal.
The jackal bites you but does no damage.
You miscast Magic Dart.
You are very lightly contaminated with residual magic.
Nothing appears to happen.
The jackal bites you. The jackal misses you.
You barely miss the jackal. The jackal closely misses you.
You scratch the jackal.
The jackal is severely wounded.
The jackal closely misses you.
You closely miss the jackal.
The jackal is severely wounded.
A jackal comes into view.
The jackal completely misses you. The jackal closely misses you.
You closely miss the jackal.
The jackal is severely wounded.
The jackal closely misses you.
You miss the jackal.
The jackal is severely wounded.
The jackal bites you. The jackal misses you.
You closely miss the jackal.
The jackal is severely wounded.
The jackal bites you.
Your magical contamination has completely faded away.
You closely miss the jackal.
The jackal is severely wounded.
The jackal barks!
A jackal comes into view.
The jackal bites you.
* * * LOW HITPOINT WARNING * * *
You closely miss the jackal.
The jackal is severely wounded.
The jackal bites you.
* * * LOW HITPOINT WARNING * * *
The jackal bites you.
* * * LOW HITPOINT WARNING * * *
The jackal bites you.
* * * LOW HITPOINT WARNING * * *
You scratch the jackal but do no damage.
The jackal is severely wounded.
The jackal bites you.
You die...

###......... .
.##......... ..
.##...h.....
$..####.##.........
....... ......... ....
#........ #.####........
#...h@h.......
############.###......!..
.............# #...####+#
#........##### #####
#.......^# #........#
#........# #........#
#........#


You could see 3 jackals.

Vanquished Creatures
  A goblin (D:1)
  A jackal (D:1)
  A quokka (D:1)
  2 ball pythons (D:1)
5 creatures vanquished.

Notes
Turn   | Place    | Note
-------+----------+-------------------------------------------
     0 | D:1      | browni3141 the Ghoul Conjurer began the quest for the Orb.
     0 | D:1      | Reached XP level 1. HP: 14/14 MP: 2/2
   234 | D:1      | Slain by a jackal

Illustrated notes

Levels and vault maps discovered:
D:1:      roderic_chinese_lattice_arrival, layout_basic, minmay_strange_pillars,
          grunt_decor_mini_mirrors

Skill      XL: |  1 |
---------------+----+-----
Fighting       | 1 |  1.0
Spellcasting   | 2 |  2.0
Dodging        | |  1.7
Stealth        | |  2.1
Conjurations   | |  3.2

Action                     || total
---------------------------++-------
  Melee: Unarmed           ||    36
   Cast: Magic Dart        ||     6
 Armour: Robe              ||     3
  Dodge: Dodged            ||    22
